 Dungeon Crawl Stone Soup version 0.28-a0-1613-gdaab1c2f9b (webtiles) character file.

Game seed: 7581435396667694923

3209 voltaire321 the Chopper (level 9, 0/79 HPs)
             Began as a Hill Orc Fighter on Jan 22, 2022.
             Was a Follower of Makhleb.
             Succumbed to a gnoll sergeant's poison
             ... on level 7 of the Dungeon.
             The game lasted 00:15:19 (7573 turns).

voltaire321 the Chopper (Hill Orc Fighter)          Turns: 7573, Time: 00:15:19

Health: 0/79       AC: 14    Str: 23    XL:     9   Next: 97%
Magic:  12/12      EV: 11    Int:  8    God:    Makhleb [*.....]
Gold:   351        SH: 10    Dex: 10    Spells: 8/8 levels left

rFire   . . .      SeeInvis .   a - +0 war axe
rCold   . . .      Faith    .   c - +0 buckler
rNeg    . . .      Spirit   .   b - +0 scale mail
rPois   .          Reflect  +   (no helmet)
rElec   .          Harm     .   h - +1 cloak
rCorr   .          Rampage  .   (no gloves)
Will    .....                   (no boots)
Stlth   ..........              f - amulet of reflection
HPRegen 0.23/turn               k - +4 ring of protection
MPRegen 0.13/turn               (no ring)

@: lethally poisoned (0 -> -5)
A: no striking features
a: Renounce Religion


You were on level 7 of the Dungeon.
You worshipped Makhleb.
Makhleb was aware of your devotion.
You visited 2 branches of the dungeon, and saw 9 of its levels.

You collected 351 gold pieces.

Inventory:

Hand Weapons
 a - a +0 war axe (weapon)
Missiles
 g - 3 curare-tipped darts
 p - 2 poisoned darts (quivered)
Armour
 b - a +0 scale mail (worn)
 c - a +0 buckler (worn)
 h - a +1 cloak (worn)
 E - +0 steam dragon scales
Jewellery
 f - an amulet of reflection (around neck)
 k - a +4 ring of protection (left hand)
 r - a ring of resist corrosion
 A - an amulet of the acrobat
 C - a ring of wizardry
 D - a +4 ring of evasion
Wands
 o - a wand of digging (2)
 t - a wand of paralysis (14)
Scrolls
 e - 5 scrolls of identify
 i - a scroll of magic mapping
 l - a scroll of fog
 n - 3 scrolls of teleportation
 u - 3 scrolls of enchant weapon {unknown}
 v - a scroll of amnesia {unknown}
 y - a scroll of holy word
 B - a scroll of enchant armour
 F - a scroll of fear {unknown}
Potions
 d - 2 potions of might
 j - 2 potions of ambrosia {unknown}
 q - 2 potions of heal wounds {unknown}
 s - a potion of flight {unknown}
 w - a potion of brilliance {unknown}
 x - a potion of degeneration {unknown}
 z - a potion of attraction {unknown}


   Skills:
 + Level 7.4 Fighting
 + Level 7.5 Axes
 + Level 4.4 Throwing
 + Level 6.7 Armour
 + Level 4.3 Dodging
 + Level 6.9 Shields
 + Level 4.2 Invocations


You had 8 spell levels left.
You didn't know any spells.
Your spell library contained the following spells:

 Spells                   Type           Power      Damage    Failure   Level
 Magic Dart               Conj           0%         1d3       77%         1
 Sandblast                Erth           0%         2d4       77%         1
 Passwall                 Tmut/Erth      0%         N/A       88%         2
 Searing Ray              Conj           0%         2d4       88%         2
 Ignite Poison            Fire/Tmut/Pois 0%         N/A       98%         3
 Mephitic Cloud           Conj/Pois/Air  0%         N/A       98%         3
 Stone Arrow              Conj/Erth      0%         3d7       98%         3
 Fulminant Prism          Conj/Hex       0%         3d6       100%        4
 Freezing Cloud           Conj/Ice/Air   0%         6-21      100%        5


Dungeon Overview and Level Annotations

Branches:
Dungeon (8/15)             Temple (1/1) D:5
   Lair: D:8-11

Altars:
Ashenzari
Cheibriados
Elyvilon
Hepliaklqana
Kikubaaqudgha
Makhleb
Qazlal
Ru
Sif Muna
Trog
Uskayaw
Wu Jian
Xom


Message History

You feel very sick.
The gnoll sergeant hits you with a +5 trident of venom.
* * * LOW HITPOINT WARNING * * *
You are more poisoned.
You feel better.
The gnoll sergeant hits you but does no damage.
You are poisoned.
You closely miss the gnoll sergeant.
The gnoll sergeant is lightly wounded.
You feel very sick.
The gnoll sergeant hits you with a +5 trident of venom!
* * * LOW HITPOINT WARNING * * *
You are more poisoned.
You feel better.
The gnoll sergeant hits you but does no damage.
You are poisoned.
You feel sick. You block the gnoll sergeant's attack.
You feel sick.
You see here a +0 club.
You feel sick.
You feel sick.
You feel sick.
You are no longer poisoned.
There is a stone staircase leading up here.
The gnoll sergeant hits you from afar with a +5 trident of venom!
* * * LOW HITPOINT WARNING * * *
You are lethally poisoned!
You climb upwards.
* * * LOW HITPOINT WARNING * * *
You feel very sick.
There is a stone staircase leading down here.
* * * LOW HITPOINT WARNING * * *
You feel sick.
There is a lethal amount of poison in your body!
Okay, then.
There is a lethal amount of poison in your body!
There is a lethal amount of poison in your body!
* * * LOW HITPOINT WARNING * * *
You feel sick.
You die...

#.# #.# #####.# #.# ......#####.#
.........##.#######
..................#
.........###......###############
###########......................
###########.......###############
...............>@..#
#########.#........# #
#.#........# # #)#........#
#########........#.#
.................#.#
.########........#.# .##
#........#.# ..## #........#.#


There were no monsters in sight!

Vanquished Creatures
  Prince Ribbit (D:8)
  Sigmund (D:5)
  A steam dragon (D:7)
  A water moccasin (D:8)
  3 black bears
  An ice beast (D:7)
  2 sky beasts (D:6)
  3 necrophages (D:4)
  An ogre (D:4)
  2 phantoms (D:5)
  2 centaurs
  2 bullfrogs
  A wyvern zombie (D:5)
  A scorpion (D:4)
  A water moccasin skeleton (D:6)
  2 wights (D:4)
  A howler monkey (D:6)
  2 bullfrog zombies
  6 centaur zombies
  2 hounds (D:6)
  A jelly (D:4)
  An iguana (D:6)
  2 orc priests (D:8)
  A human zombie (D:4)
  5 orc wizards
  A killer bee zombie (D:7)
  A hound skeleton (D:4)
  4 mummies (D:4)
  A howler monkey skeleton (D:5)
  8 adders
  11 gnolls
  An ufetubus (D:6)
  An adder zombie (D:4)
  An adder skeleton (D:4)
  3 worms
  A dart slug (D:3)
  15 orcs
  4 endoplasms
  5 giant cockroaches
  7 goblins
  10 hobgoblins
  6 jackals
  9 kobolds
  3 quokkas
  8 ball pythons
  6 bats
  4 frilled lizards
  8 rats
164 creatures vanquished.

Vanquished Creatures (others)
  2 plants (D:3)
2 creatures vanquished.

Grand Total: 166 creatures vanquished

Notes
Turn   | Place    | Note
-------+----------+-------------------------------------------
     0 | D:1      | voltaire321 the Hill Orc Fighter began the quest for the
                  | Orb.
     0 | D:1      | Reached XP level 1. HP: 19/19 MP: 1/1
   151 | D:1      | Reached XP level 2. HP: 26/27 MP: 2/2
   263 | D:1      | Reached XP level 3. HP: 22/33 MP: 3/3
  1376 | D:2      | Reached skill level 1 in Dodging
  1376 | D:2      | Reached XP level 4. HP: 40/40 MP: 4/4
  1878 | D:3      | Found a faded altar of an unknown god.
  2605 | D:4      | Reached XP level 5. HP: 10/47 MP: 5/5
  3185 | D:4      | Reached skill level 1 in Throwing
  3199 | D:4      | Noticed an ogre
  3209 | D:4      | Killed an ogre
  3210 | D:4      | Reached XP level 6. HP: 55/55 MP: 6/6
  3476 | D:4      | Noticed a necrophage
  3488 | D:4      | Killed a necrophage
  3489 | D:4      | Reached skill level 5 in Fighting
  3491 | D:4      | Noticed a necrophage
  3498 | D:4      | Killed a necrophage
  3499 | D:4      | Reached XP level 7. HP: 59/61 MP: 7/7
  3499 | D:4      | Found an ancient bone altar of Kikubaaqudgha.
  3522 | D:4      | Reached skill level 5 in Axes
  3635 | D:4      | Reached skill level 5 in Armour
  3655 | D:4      | Reached skill level 5 in Shields
  4157 | D:5      | Entered Level 5 of the Dungeon
  4186 | D:5      | Reached XP level 8. HP: 69/69 MP: 8/8
  4471 | D:5      | Found a staircase to the Ecumenical Temple.
  4814 | Temple   | Entered the Ecumenical Temple
  4843 | Temple   | Became a worshipper of Makhleb the Destroyer
  4896 | D:5      | Noticed Sigmund
  4916 | D:5      | Killed Sigmund
  4917 | D:5      | Reached skill level 1 in Invocations
  5003 | D:5      | Found a hazy altar of Hepliaklqana.
  5003 | D:5      | Found a faded altar of an unknown god.
  5272 | D:6      | Reached XP level 9. HP: 78/78 MP: 10/10
  5926 | D:7      | Reached * piety under Makhleb
  6537 | D:7      | Found a shimmering altar of Xom.
  6543 | D:7      | Found an ornate altar of the Wu Jian Council.
  6543 | D:7      | Found a snail-covered altar of Cheibriados.
  6580 | D:7      | Found a hide-covered altar of Uskayaw.
  6581 | D:7      | Found a bloodstained altar of Trog.
  7129 | D:8      | Identified the +4 falchion of the Jumping Madman {protect,
                  | *Rage rPois Dex+2}
  7375 | D:8      | Noticed Prince Ribbit
  7409 | D:8      | Killed Prince Ribbit
  7453 | D:8      | Found a sacrificial altar of Ru.
  7463 | D:8      | Found a broken altar of Ashenzari.
  7529 | D:8      | HP: 3/79 [gnoll sergeant (8)]
  7571 | D:7      | HP: 3/79 [poisoned by a gnoll sergeant]
  7572 | D:7      | HP: 1/79 [poisoned by a gnoll sergeant]
  7573 | D:7      | Succumbed to a gnoll sergeant's poison

Illustrated notes

Levels and vault maps discovered:
D:1:      evilmike_arrival_crescent, layout_loops_cross, minmay_statues_item
D:2:      layout_loops_cross, minmay_circle_x
D:3:      layout_loops_ring, shapermc_ecumenical_altar_rom_forum
D:4:      layout_basic, lemuel_mausoleum_altar_kikubaaqudgha, sigmund_army
D:5:      layout_rooms, beargit_hepliaklqana_dungeon_heroes,
          minmay_temple_entry_glass
D:6:      layout_layer_cave
D:7:      layout_basic, minitemple, grunt_ministairs_6
D:8:      layout_gridville, hangedman_ru_absence, ashenzari_altar_1,
          nicolae_underground_beach, uniq_prince_ribbit1
Temple:   compressed_dpeg_circular_temple

Skill      XL: |  1  2  3  4  5  6  7  8  9 |
---------------+----------------------------+-----
Axes           | 3 4 5 6 7 |  7.5
Fighting       | 4 5 6 7 |  7.4
Dodging        | 1 2 3 4 |  4.3
Armour         | 4 5 6 |  6.7
Shields        | 4 5 6 |  6.9
Throwing       | 1 2 3 4 |  4.4
Invocations    | 1 4 |  4.2

Action                   |  1- 3 |  4- 6 |  7- 9 || total
-------------------------+-------+-------+-------++-------
Melee: War axe           |   121 |   150 |   389 ||   660
Throw: Dart              |     1 |     7 |     2 ||    10
  Use: Scroll            |       |     8 |       ||     8
       Potion            |       |       |     2 ||     2
Armor: Scale mail        |    63 |    57 |   216 ||   336
Dodge: Dodged            |    50 |    62 |   171 ||   283
Block: Buckler           |    71 |    70 |   223 ||   364
       Reflection        |       |     2 |     2 ||     4

Table legend: (Time is in decaauts)
 A = Elapsed time spent in this place.
 B = Non-inter-level travel time spent in this place.
 C = Inter-level travel time spent in this place.
 D = Time resting spent in this place.
 E = Time spent auto-exploring this place.
 F = Levels seen in this place.
 G = Mean time per level.
                   A        B        C        D        E       F      G
               +--------+--------+--------+--------+--------+-----+--------+
         Total |   7763 |   7473 |    290 |   1093 |   4599 |   9 |  862.6 |
       Dungeon |   7724 |   7434 |    290 |   1093 |   4589 |   8 |  965.5 |
        Temple |     38 |     38 |      0 |      0 |     10 |   1 |   38.0 |
               +--------+--------+--------+--------+--------+-----+--------+

Top non-repeatable levels by time:
     D:4: 1363 daAuts
     D:7: 1153 daAuts
     D:3: 1049 daAuts
     D:1: 981 daAuts
     D:6: 902 daAuts
     D:2: 886 daAuts
     D:5: 850 daAuts
     D:8: 538 daAuts
  Temple: 38 daAuts
